 Dungeon Crawl Stone Soup version 0.15.1-3-g1b33baa (webtiles) character file.

12383 CrazyArbalest the Whirler (level 12, 0/75 HPs)
             Began as a Halfling Fighter on Oct 7, 2014.
             Was the Champion of Makhleb.
             Slain by an orc warrior
             ... wielding a +0 trident
              (9 damage)
             ... on Level 1 of the Orcish Mines on Oct 8, 2014.
             The game lasted 02:14:42 (19773 turns).

CrazyArbalest the Whirler (Halfling Fighter)       Turns: 19773, Time: 02:14:42

HP   0/75        AC 18     Str 16      XL: 12   Next: 19%
MP  14/14        EV  8     Int  7      God: Makhleb [******]
Gold 695         SH  7     Dex 19      Spells:  0 memorised, 11 levels left

rFire  . . .     SeeInvis .     a - +0 dagger (venom)
rCold  . . .     Clarity  .     A - +2 chain mail {MR+}
rNeg   . . .     rCorr    .     c - +0 buckler
rPois  +         rRot     .     q - +0 helmet
rElec  .         Spirit   .     U - +0 cloak
SustAb .         Warding  .     X - +0 pair of gloves
rMut   .         Stasis   .     y - +1 pair of boots
Gourm  +                        l - amulet of the gourmand
MR     +....                    s - ring of poison resistance
                                Y - ring of stealth

@: somewhat resistant to hostile enchantments, very unstealthy
A: mutation resistance 1
a: Minor Destruction, Lesser Servant of Makhleb, Major Destruction, Greater
Servant of Makhleb, Renounce Religion


You were on level 1 of the Orcish Mines.
You worshipped Makhleb.
Makhleb was exalted by your worship.
You were very full.

You visited 4 branches of the dungeon, and saw 16 of its levels.
You also visited: Labyrinth and Ossuary.

You collected 951 gold pieces.
You spent 256 gold pieces at shops.

Inventory:

Hand weapons
 a - a +0 dagger of venom (weapon)
 b - a +1 hunting sling
 f - a +0 dagger of speed
 j - a +0 cutlass
 O - a +3 dagger
Missiles
 h - 123 stones (quivered)
Armour
 c - a +0 buckler (worn)
 k - a +2 ring mail of fire resistance
 n - a +4 ring mail
 q - a +0 helmet (worn)
 y - a +1 pair of boots (worn)
 z - a +1 ring mail of poison resistance
 A - a +2 chain mail of magic resistance (worn)
 C - a +0 troll leather armour
 U - a +0 cloak (worn)
 X - a +0 pair of gloves (worn)
Magical devices
 o - a wand of enslavement (3)
 r - a wand of digging (14)
 t - a wand of paralysis (0)
 B - a wand of teleportation (5)
 T - a wand of random effects (9)
Comestibles
 P - 8 beef jerkies
Scrolls
 d - 2 scrolls of fear
 u - 2 scrolls of remove curse
 w - 3 scrolls of fog
 F - a scroll of magic mapping
Jewellery
 g - an uncursed amulet of resist mutation
 l - an amulet of the gourmand (around neck)
 s - a ring of poison resistance (right hand)
 E - an uncursed ring of invisibility
 G - an uncursed ring of sustain abilities
 I - an uncursed ring of fire
 J - the ring of Reofenes {SustAb Dex-5 Int+3}
   (You found it in a labyrinth)

   [ring of sustain abilities]

   It sustains your strength, intelligence and dexterity.
   It affects your intelligence (+3).
   It affects your dexterity (-5).
 Q - an uncursed ring of fire
 Y - a ring of stealth (left hand)
Potions
 e - a potion of restore abilities {unknown}
 i - a potion of haste {unknown}
 p - a potion of confusion {unknown}
 v - 9 potions of curing
Books
 M - a book of Ice

   Spells                             Type                      Level
   Metabolic Englaciation             Hexes/Ice                    5
   Ozocubu's Refrigeration            Ice                          6
   Bolt of Cold                       Conjuration/Ice              6
   Freezing Cloud                     Conjuration/Ice/Air          6
   Simulacrum                         Ice/Necromancy               6
 N - a book of Power

   Spells                             Type                      Level
   Fulminant Prism                    Conjuration/Hexes            4
   Iskenderun's Mystic Blast          Conjuration                  4
   Venom Bolt                         Conjuration/Poison           5
   Bolt of Magma                      Conjuration/Fire/Earth       5
   Iron Shot                          Conjuration/Earth            6
   Orb of Destruction                 Conjuration                  7
Miscellaneous
 S - a disc of storms
 V - a phial of floods
Rods
 W - a +1 lightning rod (14/14)
   (You found it in a labyrinth)
 Z - a +4 rod of ignition (10/10)
   (You found it in a labyrinth)


   Skills:
 + Level 4.4 Fighting
 + Level 5.5 Short Blades
 * Level 19.3 Slings
 + Level 6.5 Armour
 + Level 6.7 Dodging
 + Level 2.2 Stealth
 + Level 6.0 Shields
 + Level 0.2 Invocations
 + Level 1.2 Evocations


You had 11 spell levels left.
You didn't know any spells.

Dungeon Overview and Level Annotations

Branches:
Dungeon (12/15)            Temple (1/1) D:5             Orc (2/4) D:12
   Lair (1/8) D:9

Altars:
Ashenzari
Cheibriados
Dithmenos
Elyvilon
Fedhas
Kikubaaqudgha
Makhleb
Nemelex Xobeh
Okawaru
Qazlal
Sif Muna
Trog
Vehumet
Xom
Yredelemnul
Zin
The Shining One
Beogh

Shops:
D:7 }   D:11 !

Annotations:
D:7 CrazyArbalest's ghost, experienced HaFi
Orc:2 Snorg
Lair:1 gigot's ghost, powerful TrGl


Innate Abilities, Weirdness & Mutations

You are small and have problems with some larger weapons.
You are somewhat resistant to further mutation.


Message History

You hit the orc warrior but do no damage.
The orc warrior is moderately wounded.
You block the orc's attack. The orc hits you but does no damage.
You hit the orc warrior but do no damage.
The orc warrior is heavily wounded.
The orc hits you but does no damage.
The orc warrior hits you but does no damage.
The orc hits you but does no damage.
You hit the orc warrior but do no damage.
The orc warrior is heavily wounded.
You hit the orc warrior but do no damage.
The orc warrior is heavily wounded.
You block the orc's attack. The orc closely misses you.
The orc warrior hits you with a trident!
* * * LOW HITPOINT WARNING * * *
Drink which item? (? for menu, Esc to quit)
You feel better. The orc hits you but does no damage.
The orc barely misses you.
The orc warrior hits you with a trident!
You die...

### ##.## #...# #...##
.....# .....# ###
.....## ### ##>##
##....###.## #o@o#
##...##....# ##o##
.......)..## ##oo####
#.....#.### ##......##
.....#...####........##
#[....................#
...................#.##
......................#
.#)..............#....##


You could see an orc warrior and 4 orcs.

Vanquished Creatures
  A minotaur (Lab)
  The ghost of Dalarin the Archer, an experienced CeHu (D:6)
  An unseen horror (D:11)
  Joseph (D:9)
  A centaur skeleton (D:12)
  A troll (D:9)
  A two-headed ogre (D:10)
  A basilisk (Lair:1)
  A deep elf mage (D:10)
  2 hippogriffs (D:10)
  10 yaks
  A warg (Orc:1)
  A water moccasin (D:9)
  2 ice beasts
  10 orc warriors
  A necrophage (D:5)
  A yellow wasp (D:11)
  A sky beast (D:7)
  A black bear (D:10)
  3 ogres
  A crocodile (D:10)
  2 phantoms
  10 centaurs
  A big kobold (D:9)
  A hippogriff zombie (D:11)
  11 scorpions
  4 giant frogs
  A troll zombie (D:9)
  9 killer bees
  17 wights
  A jelly (D:10)
  2 centaur zombies
  A quasit (D:9)
  5 crimson imps (D:10)
  A giant frog skeleton (D:5)
  11 orc priests
  6 hounds
  A human zombie (Ossuary)
  A goliath beetle (D:8)
  Crazy Yiuf (D:5)
  A kobold skeleton (D:12)
  16 orc wizards
  9 worker ants
  Natasha (D:3)
  2 iguanas
  2 big kobold zombies (Ossuary)
  Ijyb (D:2)
  3 mummies (Ossuary)
  Terence (D:3)
  A hound skeleton (D:4)
  3 scorpion zombies (Ossuary)
  7 gnolls
  2 giant mites
  An inept item mimic (D:5)
  2 shadow imps (D:8)
  15 adders
  An iguana skeleton (D:4)
  2 oozes (D:3)
  93 orcs
  4 ball pythons
  11 bats
  A bat skeleton (D:6)
  11 giant cockroaches
  10 goblins
  19 hobgoblins
  4 jackals (D:5)
  3 quokkas
  7 giant geckos
  7 giant newts
  A gnoll zombie (Ossuary)
  A goblin zombie (Ossuary)
  A hobgoblin skeleton (D:5)
  4 hobgoblin zombies (Ossuary)
  19 kobolds
  2 kobold zombies
  A quokka zombie (D:6)
  12 rats
410 creatures vanquished.

Vanquished Creatures (collateral kills)
  A gargoyle (D:11)
1 creature vanquished.

Vanquished Creatures (others)
  3 scorpions (Ossuary)
3 creatures vanquished.

Grand Total: 414 creatures vanquished

Notes
Turn   | Place    | Note
--------------------------------------------------------------
     0 | D:1      | CrazyArbalest, the Halfling Fighter, began the quest for the Orb.
     0 | D:1      | Reached XP level 1. HP: 15/15 MP: 1/1
    72 | D:1      | Reached XP level 2. HP: 20/20 MP: 2/2
   637 | D:1      | Reached XP level 3. HP: 26/26 MP: 3/3
   893 | D:2      | Reached skill level 1 in Dodging
  1174 | D:2      | Found a white marble altar of Elyvilon.
  1178 | D:2      | Noticed Ijyb
  1197 | D:2      | Killed Ijyb
  1197 | D:2      | Reached skill level 1 in Slings
  1197 | D:2      | Reached XP level 4. HP: 27/31 MP: 4/4
  1519 | D:2      | Reached XP level 5. HP: 20/36 MP: 5/5
  1562 | D:3      | Reached skill level 4 in Slings
  1770 | D:3      | Found a stormy altar of Qazlal.
  1846 | D:3      | Reached skill level 5 in Slings
  1846 | D:3      | Reached XP level 6. HP: 42/42 MP: 6/6
  1943 | D:3      | Noticed Terence
  1951 | D:3      | Killed Terence
  2028 | D:3      | Noticed Natasha
  2039 | D:3      | Killed Natasha
  2522 | D:3      | Reached skill level 6 in Slings
  2672 | D:3      | Reached XP level 7. HP: 20/46 MP: 7/7
  3058 | D:4      | Reached skill level 7 in Slings
  3333 | D:4      | Found a sand-covered staircase.
  3377 | Ossuary  | Entered an ossuary
  3596 | Ossuary  | Reached XP level 8. HP: 34/54 MP: 8/8
  3637 | Ossuary  | Reached skill level 8 in Slings
  4559 | Ossuary  | Reached skill level 9 in Slings
  5954 | D:5      | Entered Level 5 of the Dungeon
  6052 | D:5      | Found a bloodstained altar of Trog.
  6249 | D:5      | Reached skill level 5 in Short Blades
  6614 | D:5      | Reached skill level 5 in Armour
  6740 | D:5      | Found a staircase to the Ecumenical Temple.
  6749 | Temple   | Entered the Ecumenical Temple
  6924 | Temple   | Became a worshipper of Makhleb the Destroyer
  6970 | D:5      | Reached skill level 10 in Slings
  6970 | D:5      | Reached XP level 9. HP: 58/58 MP: 9/9
  7184 | D:5      | Noticed Crazy Yiuf
  7211 | D:5      | Killed Crazy Yiuf
  7721 | D:6      | Reached skill level 1 in Stealth
  7822 | D:6      | Acquired Makhleb's first power
  8229 | D:5      | Noticed a gargoyle
  8419 | D:6      | Reached skill level 11 in Slings
  8677 | D:6      | Noticed Dalarin's ghost (experienced CeHu)
  8757 | D:6      | Killed Dalarin's ghost
  8757 | D:6      | Reached skill level 12 in Slings
  8956 | D:7      | Found a stormy altar of Qazlal.
  8963 | D:7      | Found a bloodstained altar of Trog.
  8963 | D:7      | Found a blossoming altar of Fedhas.
  8964 | D:7      | Found an iron altar of Okawaru.
  8964 | D:7      | Found a snail-covered altar of Cheibriados.
  8967 | D:7      | Found a sparkling altar of Nemelex Xobeh.
  8985 | D:7      | Found Idott's Gadget Shop.
  9416 | D:7      | Reached skill level 13 in Slings
  9416 | D:7      | Reached skill level 5 in Shields
  9416 | D:7      | Reached XP level 10. HP: 63/63 MP: 10/10
  9584 | D:7      | Reached skill level 5 in Dodging
  9595 | D:7      | Noticed CrazyArbalest's ghost (experienced HaFi)
 10200 | D:8      | Acquired Makhleb's second power
 10362 | D:8      | Reached skill level 14 in Slings
 11429 | D:8      | Acquired Makhleb's third power
 11773 | D:9      | Noticed Joseph
 11802 | D:9      | Killed Joseph
 11802 | D:9      | Reached skill level 15 in Slings
 12475 | D:9      | Found a staircase to the Lair.
 13121 | Lair:1   | Entered Level 1 of the Lair of Beasts
 13181 | Lair:1   | Noticed gigot's ghost (powerful TrGl)
 13345 | D:10     | Entered Level 10 of the Dungeon
 13421 | D:10     | Reached skill level 16 in Slings
 13428 | D:10     | Identified the Disquisition on Assistive Stones (You found it on level 10 of the Dungeon)
 13681 | D:10     | Acquired Makhleb's fourth power
 13722 | D:10     | Reached XP level 11. HP: 69/69 MP: 11/11
 14006 | D:10     | Got a bloodstained mace
 14262 | D:10     | Reached skill level 17 in Slings
 14375 | D:10     | Identified the +2 mace of the Wasteland {drain, Stlth+} (You found it on level 10 of the Dungeon)
 15484 | D:11     | Found Gharegie's Distillery.
 15489 | D:11     | Bought a potion of curing for 32 gold pieces
 15489 | D:11     | Bought a potion of curing for 32 gold pieces
 15489 | D:11     | Bought a potion of curing for 32 gold pieces
 15489 | D:11     | Bought 2 potions of heal wounds for 96 gold pieces
 15489 | D:11     | Bought a potion of curing for 32 gold pieces
 15489 | D:11     | Bought a potion of curing for 32 gold pieces
 16111 | D:11     | Acquired Makhleb's fifth power
 16180 | D:11     | Noticed a hill giant
 16245 | D:10     | Reached skill level 18 in Slings
 16336 | D:11     | Killed an unseen horror
 17324 | D:12     | Found a staircase to the Orcish Mines.
 17398 | D:11     | HP: 2/69 [deep elf mage/orb of energy (16)]
 17595 | D:12     | Reached skill level 1 in Evocations
 17629 | D:12     | Found a labyrinth entrance.
 17682 | Lab      | Entered a labyrinth
 17841 | Lab      | Noticed a minotaur
 17860 | Lab      | Killed a minotaur
 17878 | Lab      | Got a twitching pewter ring
 17886 | Lab      | Identified the cursed ring of Reofenes {SustAb Dex-5 Int+3} (You found it in a labyrinth)
 18132 | D:12     | Noticed a cyclops
 18338 | D:12     | Reached XP level 12. HP: 70/75 MP: 14/14
 18409 | D:12     | Noticed a four-headed hydra
 18410 | D:12     | Noticed a cyclops
 18461 | D:12     | Noticed a brown ugly thing
 18539 | D:12     | Noticed a cyan ugly thing
 18554 | Orc:1    | Entered Level 1 of the Orcish Mines
 18554 | Orc:1    | Found a shimmering altar of Xom.
 18558 | Orc:1    | Reached skill level 19 in Slings
 19331 | Orc:2    | Found a roughly hewn altar of Beogh.
 19379 | Orc:2    | Noticed Snorg
 19773 | Orc:1    | Slain by an orc warrior

Action                   |  1- 3 |  4- 6 |  7- 9 | 10-12 || total
-------------------------+-------+-------+-------+-------++-------
Melee: Cutlass           |    73 |    55 |   309 |    39 ||   476
       Dagger            |       |    51 |   309 |   524 ||   884
       Hunting sling     |       |       |       |     1 ||     1
 Fire: Hunting sling     |    26 |   126 |   212 |  1139 ||  1503
Throw: Stone             |     5 |       |    52 |       ||    57
Invok: Lesser Servant of |       |       |       |     2 ||     2
Evoke: Wand              |       |       |     1 |    24 ||    25
  Use: Scroll            |       |     3 |     1 |    24 ||    28
       Potion            |       |       |       |     5 ||     5
 Stab: Paralysed         |       |       |       |     4 ||     4
       Confused          |       |       |       |     1 ||     1
       Sleeping          |       |       |       |     1 ||     1
  Eat: Chunk             |     1 |     5 |    21 |    30 ||    57
       Bread ration      |       |       |     1 |       ||     1
       Pizza             |       |       |     1 |       ||     1
       Beef jerky        |       |       |     1 |       ||     1
